 Dungeon Crawl Stone Soup version 0.25-a0-253-g6f1b5d974a (webtiles) character file.

Game seed: 8251615472549619577, levelgen mode: deterministic

30368 mopl the Nimble (level 13, -4/104 HPs)
             Began as a Gnoll Monk on Nov 29, 2019.
             Was the Champion of Wu Jian.
             Slain by a troll (11 damage)
             ... while paralysed
             ... on level 2 of the Orcish Mines on Dec 5, 2019.
             The game lasted 00:31:57 (16206 turns).

mopl the Nimble (Gnoll Monk)                       Turns: 16206, Time: 00:31:58

Health: -4/104     AC: 17    Str: 18    XL:     13   Next: 51%
Magic:  25/25      EV:  2    Int: 12    God:    Wu Jian [******]
Gold:   1037       SH:  0    Dex: 19    Spells: 27/28 levels left

rFire    + . .     SeeInvis +   a - +9 broad axe
rCold    . . .     Gourm    .   i - +0 buckler
rNeg     . . .     Faith    .   I - +0 plate armour
rPois    .         Spirit   .   (no helmet)
rElec    .         Reflect  .   m - +1 cloak
rCorr    .         Harm     .   w - +0 pair of gloves
MR       .....                  (no boots)
Stlth    ..........             F - amulet of rage
HPRegen  0.27/turn              z - ring of see invisible
MPRegen  0.19/turn              y - ring of protection from fire

@: paralysed, berserk cooldown, slowed
A: distributed training, fangs 1, strong nose
a: Wall Jump, Serpent's Lash, Heavenly Storm, Renounce Religion, Evoke Berserk
Rage


You were on level 2 of the Orcish Mines.
You worshipped Wu Jian.
Wu Jian was exalted by your worship.
You were not hungry.

You visited 3 branches of the dungeon, and saw 15 of its levels.
You also visited: Ossuary and Bailey.

You collected 1037 gold pieces.

Inventory:

Hand Weapons
 a - a +9 broad axe (weapon)
 b - a +6 flail of draining
 M - the +5 flail "Ogreslayer" {freeze, rF- rC+ MR+ Dex+3, unknown}
   (You found it on level 8 of the Dungeon)

   It has been specially enchanted to freeze those struck by it, causing extra
   injury to most foes and up to half again as much damage against particularly
   susceptible opponents.
   It can also slow down cold-blooded creatures.
   It affects your dexterity (+3).
   It makes you vulnerable to fire.
   It protects you from cold.
   It affects your resistance to hostile enchantments.
 T - a +1 hand axe of flaming
Missiles
 k - 36 boomerangs (quivered)
 o - 4 throwing nets
 O - 3 curare-tipped darts
 W - 7 javelins
Armour
 i - a +0 buckler (worn)
 m - a +1 cloak (worn)
 w - a +0 pair of gloves (worn)
 A - a +2 ring mail of cold resistance
 I - a +0 plate armour (worn)
Jewellery
 d - an uncursed ring of protection from magic
 h - an uncursed ring of flight
 y - a ring of protection from fire (right hand)
 z - a ring of see invisible (left hand)
 F - an amulet of rage (around neck)
 N - the amulet of the Four Winds {rN+ MR+++ Clar}
   (You found it on level 8 of the Dungeon)

   [amulet of nothing]

   It protects you from negative energy.
   It affects your resistance to hostile enchantments.
   It protects you against confusion.
Wands
 u - a wand of acid (7)
 E - a wand of disintegration (5)
 J - a wand of iceblast (2)
Scrolls
 e - 2 scrolls of fog
 j - 10 scrolls of teleportation
 p - a scroll of noise {unknown}
 r - 3 scrolls of blinking
 s - a scroll of acquirement {unknown}
 x - 2 scrolls of fear
 H - a scroll of magic mapping
 K - a scroll of silence {unknown}
 P - 2 scrolls of random uselessness {unknown}
 Q - a scroll of vulnerability {unknown}
 V - a scroll of enchant armour
Potions
 f - 2 potions of cancellation
 g - 6 potions of haste
 l - 4 potions of lignification {!q}
 n - 4 potions of flight {unknown}
 q - 10 potions of curing {unknown}
 t - 3 potions of agility {unknown}
 v - 2 potions of brilliance {unknown}
 B - a potion of magic {unknown}
 C - 3 potions of mutation {!q}
 D - 3 potions of invisibility
 G - 5 potions of might {unknown}
 L - a potion of ambrosia
 R - a potion of heal wounds
 S - a potion of berserk rage {unknown}
Comestibles
 c - 17 rations


   Skills:
 + Level 10.4 Fighting
 + Level 8.2 Short Blades
 + Level 8.2 Long Blades
 + Level 10.4 Axes
 + Level 8.2 Maces & Flails
 + Level 8.2 Polearms
 + Level 8.2 Staves
 + Level 8.2 Slings
 + Level 8.2 Bows
 + Level 8.2 Crossbows
 + Level 8.2 Throwing
 + Level 8.2 Armour
 + Level 10.4 Dodging
 + Level 9.3 Stealth
 + Level 8.2 Shields
 + Level 8.2 Unarmed Combat
 + Level 8.2 Spellcasting
 + Level 6.8 Conjurations
 + Level 6.8 Hexes
 + Level 6.8 Charms
 + Level 6.8 Summonings
 + Level 6.8 Necromancy
 + Level 6.8 Translocations
 + Level 6.8 Transmutations
 + Level 6.8 Fire Magic
 + Level 6.8 Ice Magic
 + Level 6.8 Air Magic
 + Level 6.8 Earth Magic
 + Level 6.8 Poison Magic
 + Level 9.0 Invocations
 + Level 8.2 Evocations


You had 27 spell levels left.
You knew the following spells:

 Your Spells              Type           Power        Failure   Level  Hunger
a - Apportation           Tloc           ###...       22%         1    None

Your spell library contained the following spells:

 Spells                   Type           Power        Failure   Level  Hunger
 Animate Skeleton         Necr           N/A          22%         1    None
 Confusing Touch          Hex            ###...       22%         1    None
 Corona                   Hex            ###....      22%         1    None
 Summon Small Mammal      Summ           ###.         22%         1    None
 Call Imp                 Summ           ###.....     32%         2    #......
 Ensorcelled Hibernation  Hex/Ice        ###...       32%         2    #......
 Call Canine Familiar     Summ           ###.....     54%         3    ##.....
 Confuse                  Hex            ###.....     54%         3    ##.....
 Dazzling Flash           Conj/Hex       ###...       54%         3    ##.....
 Summon Guardian Golem    Hex/Summ       ###.....     54%         3    ##.....
 Tukima's Dance           Hex            ###.....     54%         3    ##.....
 Summon Ice Beast         Ice/Summ       ###.....     91%         4    ####...
 Summon Lightning Spire   Summ/Air       ###.....     91%         4    ####...


Dungeon Overview and Level Annotations

Branches:
Dungeon (12/15)            Temple (1/1) D:5            Lair (0/6) D:9
    Orc (2/2) D:10            Elf (0/3) Orc:2       Ossuary (visited)
 Bailey (visited)

Altars:
Ashenzari
Cheibriados
Dithmenos
Elyvilon
Fedhas
Gozag
Hepliaklqana
Kikubaaqudgha
Makhleb
Nemelex Xobeh
Okawaru
Qazlal
Ru
Sif Muna
Trog
Uskayaw
Vehumet
Wu Jian
Xom
Yredelemnul
Zin
The Shining One
Lugonu

Shops:
D:11 (   Orc:1 }

Annotations:
D:6 3 runed translucent doors, Thantalas's ghost, novice SpEn; feelmyfire's ghost, novice HuCK; grouchysmurf's ghost, novice OgGl


Innate Abilities, Weirdness & Mutations

Your experience applies equally to all skills.
You have very sharp teeth.
Your uncanny sense of smell can sniff out nearby items.


Message History

You slash the troll!
You are no longer berserk.
You pass out from exhaustion.
You feel yourself slow down. The troll bites you.
The troll claws you but does no damage. The troll claws you.
The orc sorcerer no longer looks unusually strong.
The orc warrior hits you with a +0 flail!
The troll completely misses you. The troll claws you but does no damage.
The troll claws you! The troll bites you. The troll claws you. x2
The orc warrior hits you with a +0 flail!!
* * * LOW HITPOINT WARNING * * *
The troll bites you but does no damage. The troll claws you.
* * * LOW HITPOINT WARNING * * *
The troll claws you.
* * * LOW HITPOINT WARNING * * *
The orc warrior hits you with a +0 flail!
* * * LOW HITPOINT WARNING * * *
The troll bites you!
You die...

,,,,,,,,,,,,*..,...#.....,,,,,,,,
,,,,,,<,**,,,#.,#$........,,**,**
,,,,*,,,,*#,##.##.........,******
,,,,,,,,,,#.#.............** **,
,,,,,,,,,*,.....#o.......#,** *,,
,,,,,,,,,*...#......#....o,,* **,
,,,,,,,,,,∆,#.............,,*****
,,,,,,,*,,,,**,##o.o...#*,,,,,***
,,,,,,,*,,,,***#@#o....#,,,,,,,*,
,,*,,,,,,,,** #)[T....##*,,,,,,,,
***,,,,,,*** ##....### ***,,,,,,
*,,,,,** ##...# *,,,,,,, **,,***
##.## **,,,,,,, **** ###
*,,,,,*,, ****,,,,,,,
**,**,,,,,,, **,,,,,,,,,,,


You could see a troll, an orc warrior, an orc priest and an orc wizard.

Vanquished Creatures
  A tengu reaver (D:12)
  An orc warlord (Orc:2)
  An ettin (D:12)
  An ogre mage (Orc:1)
  Erolcha (D:10)
  A hydra (D:11)
  Harold (D:7)
  7 two-headed ogres
  Urug (D:10)
  Sonja (D:10)
  An unseen horror (D:10)
  A deep troll (Orc:2)
  3 orc knights (Bailey)
  A deep elf mage (D:12)
  2 ugly things (D:8)
  A cyclops (Orc:1)
  Joseph (D:7)
  A rime drake (shapeshifter) (D:12)
  2 trolls
  A hornet (D:10)
  2 hippogriffs
  4 wyverns
  14 yaks
  Eustachio (D:6)
  3 hungry ghosts
  Edmund (D:5)
  A soldier ant (D:12)
  A water moccasin (D:7)
  A hornet zombie (D:9)
  16 orc warriors
  2 black bears
  An ice beast (D:7)
  2 phantoms (D:7)
  4 sky beasts
  16 ogres
  An eye of draining (D:11)
  5 small abominations (D:8)
  2 necrophages
  3 centaurs
  4 big kobolds
  Blork the orc (D:6)
  10 bullfrogs
  13 scorpions
  A wyvern skeleton (D:10)
  8 killer bees
  6 wights
  4 howler monkeys
  5 crimson imps
  2 centaur zombies
  A quasit (D:7)
  8 orc priests
  4 jellies
  21 orc wizards
  2 human zombies (Ossuary)
  8 hounds
  3 bullfrog skeletons
  3 centaur skeletons
  Terence (D:2)
  3 iguanas
  6 worker ants
  2 big kobold zombies (Ossuary)
  A hound skeleton (D:5)
  4 mummies
  A worker ant zombie (D:10)
  3 gnolls (D:11)
  2 scorpion zombies (Ossuary)
  14 adders
  A shadow imp (D:10)
  6 oozes
  3 worms
  A dart slug (D:1)
  5 leopard geckos
  90 orcs
  6 bats
  5 giant cockroaches
  A gnoll zombie (Ossuary)
  5 goblins
  4 hobgoblins
  9 jackals (D:1)
  4 quokkas
  4 frilled lizards
  5 goblin zombies (Ossuary)
  A hobgoblin zombie (Ossuary)
  A jackal zombie (D:6)
  13 kobolds
  A kobold zombie (Ossuary)
  3 orc zombies (Ossuary)
  2 quokka zombies
  4 rats
425 creatures vanquished.

Vanquished Creatures (others)
  A scorpion (Ossuary)
  A crimson imp (D:5)
  A jelly (D:5)
  An adder skeleton (D:5)
  An orc zombie (Ossuary)
5 creatures vanquished.

Grand Total: 430 creatures vanquished

Notes
Turn   | Place    | Note
-------+----------+-------------------------------------------
     0 | D:1      | mopl the Gnoll Monk began the quest for the Orb.
     0 | D:1      | Reached XP level 1. HP: 23/23 MP: 1/1
    62 | D:1      | Reached XP level 2. HP: 19/29 MP: 2/2
   638 | D:1      | Reached XP level 3. HP: 14/35 MP: 3/3
  1025 | D:2      | Reached skill level 1 in Invocations
  1363 | D:2      | Reached skill level 1 in Short Blades
  1363 | D:2      | Reached skill level 1 in Long Blades
  1363 | D:2      | Reached skill level 1 in Maces & Flails
  1363 | D:2      | Reached skill level 1 in Polearms
  1363 | D:2      | Reached skill level 1 in Staves
  1363 | D:2      | Reached skill level 1 in Slings
  1363 | D:2      | Reached skill level 1 in Bows
  1363 | D:2      | Reached skill level 1 in Crossbows
  1363 | D:2      | Reached skill level 1 in Throwing
  1363 | D:2      | Reached skill level 1 in Armour
  1363 | D:2      | Reached skill level 1 in Shields
  1363 | D:2      | Reached skill level 1 in Unarmed Combat
  1363 | D:2      | Reached skill level 1 in Spellcasting
  1363 | D:2      | Reached skill level 1 in Evocations
  1379 | D:2      | Reached XP level 4. HP: 23/41 MP: 5/5
  1526 | D:2      | Noticed Terence
  1545 | D:2      | Killed Terence
  1771 | D:3      | Found a stormy altar of Qazlal.
  1789 | D:3      | Found a burning altar of Makhleb.
  1804 | D:3      | Reached skill level 1 in Conjurations
  1804 | D:3      | Reached skill level 1 in Hexes
  1804 | D:3      | Reached skill level 1 in Charms
  1804 | D:3      | Reached skill level 1 in Summonings
  1804 | D:3      | Reached skill level 1 in Necromancy
  1804 | D:3      | Reached skill level 1 in Translocations
  1804 | D:3      | Reached skill level 1 in Transmutations
  1804 | D:3      | Reached skill level 1 in Fire Magic
  1804 | D:3      | Reached skill level 1 in Ice Magic
  1804 | D:3      | Reached skill level 1 in Air Magic
  1804 | D:3      | Reached skill level 1 in Earth Magic
  1804 | D:3      | Reached skill level 1 in Poison Magic
  1804 | D:3      | Reached XP level 5. HP: 42/47 MP: 6/6
  2815 | D:4      | Noticed an ogre
  2826 | D:4      | Killed an ogre
  2826 | D:4      | Reached skill level 2 in Invocations
  2826 | D:4      | Reached XP level 6. HP: 46/53 MP: 8/8
  3217 | D:4      | Reached skill level 2 in Short Blades
  3217 | D:4      | Reached skill level 2 in Long Blades
  3217 | D:4      | Reached skill level 2 in Maces & Flails
  3217 | D:4      | Reached skill level 2 in Polearms
  3217 | D:4      | Reached skill level 2 in Staves
  3217 | D:4      | Reached skill level 2 in Slings
  3217 | D:4      | Reached skill level 2 in Bows
  3217 | D:4      | Reached skill level 2 in Crossbows
  3217 | D:4      | Reached skill level 2 in Throwing
  3217 | D:4      | Reached skill level 2 in Armour
  3217 | D:4      | Reached skill level 2 in Shields
  3217 | D:4      | Reached skill level 2 in Unarmed Combat
  3217 | D:4      | Reached skill level 2 in Spellcasting
  3217 | D:4      | Reached skill level 2 in Evocations
  3377 | D:4      | Found a hide-covered altar of Uskayaw.
  3528 | D:4      | Learned a level 1 spell: Apportation
  3613 | D:4      | Found a basalt altar of Yredelemnul.
  3616 | D:4      | Found a glowing silver altar of Zin.
  3653 | D:5      | Entered Level 5 of the Dungeon
  3692 | D:5      | Reached XP level 7. HP: 46/59 MP: 10/10
  3751 | D:5      | Found a bloodstained altar of Trog.
  3817 | D:5      | Found a shimmering altar of Xom.
  3836 | D:5      | Reached skill level 7 in Fighting
  3836 | D:5      | Reached skill level 7 in Axes
  3836 | D:5      | Reached skill level 7 in Dodging
  4066 | D:5      | Reached skill level 2 in Conjurations
  4066 | D:5      | Reached skill level 2 in Hexes
  4066 | D:5      | Reached skill level 2 in Charms
  4066 | D:5      | Reached skill level 2 in Summonings
  4066 | D:5      | Reached skill level 2 in Necromancy
  4066 | D:5      | Reached skill level 2 in Translocations
  4066 | D:5      | Reached skill level 2 in Transmutations
  4066 | D:5      | Reached skill level 2 in Fire Magic
  4066 | D:5      | Reached skill level 2 in Ice Magic
  4066 | D:5      | Reached skill level 2 in Air Magic
  4066 | D:5      | Reached skill level 2 in Earth Magic
  4066 | D:5      | Reached skill level 2 in Poison Magic
  4274 | D:5      | Found a staircase to the Ecumenical Temple.
  4302 | Temple   | Entered the Ecumenical Temple
  4449 | Temple   | Became a worshipper of the Wu Jian Council
  4449 | Temple   | Reached * piety under Wu Jian
  4449 | Temple   | Reached ** piety under Wu Jian
  4676 | D:5      | Noticed Edmund
  4921 | D:5      | Killed Edmund
  4921 | D:5      | Reached skill level 5 in Stealth
  4921 | D:5      | Reached skill level 3 in Invocations
  5022 | D:6      | Reached XP level 8. HP: 67/67 MP: 12/12
  5026 | D:6      | Found a runed translucent gate.
  5027 | D:6      | Found a runed translucent gate.
  5028 | D:6      | Found a runed translucent gate.
  5029 | D:6      | Noticed grouchysmurf's ghost (novice OgGl)
  5030 | D:6      | Noticed feelmyfire's ghost (novice HuCK)
  5030 | D:6      | Noticed Thantalas's ghost (novice SpEn)
  5059 | D:6      | Noticed Eustachio
  5065 | D:6      | Reached skill level 3 in Short Blades
  5065 | D:6      | Reached skill level 3 in Long Blades
  5065 | D:6      | Reached skill level 3 in Maces & Flails
  5065 | D:6      | Reached skill level 3 in Polearms
  5065 | D:6      | Reached skill level 3 in Staves
  5065 | D:6      | Reached skill level 3 in Slings
  5065 | D:6      | Reached skill level 3 in Bows
  5065 | D:6      | Reached skill level 3 in Crossbows
  5065 | D:6      | Reached skill level 3 in Throwing
  5065 | D:6      | Reached skill level 3 in Armour
  5065 | D:6      | Reached skill level 3 in Shields
  5065 | D:6      | Reached skill level 3 in Unarmed Combat
  5065 | D:6      | Reached skill level 3 in Spellcasting
  5065 | D:6      | Reached skill level 3 in Evocations
  5088 | D:6      | Killed Eustachio
  5092 | D:6      | Upgraded the game from 0.25-a0-189-gf71692caf1 to
                  | 0.25-a0-253-g6f1b5d974a
  5364 | D:6      | Noticed Blork the orc
  5378 | D:6      | Killed Blork the orc
  6272 | D:7      | Reached skill level 3 in Conjurations
  6272 | D:7      | Reached skill level 3 in Hexes
  6272 | D:7      | Reached skill level 3 in Charms
  6272 | D:7      | Reached skill level 3 in Summonings
  6272 | D:7      | Reached skill level 3 in Necromancy
  6272 | D:7      | Reached skill level 3 in Translocations
  6272 | D:7      | Reached skill level 3 in Transmutations
  6272 | D:7      | Reached skill level 3 in Fire Magic
  6272 | D:7      | Reached skill level 3 in Ice Magic
  6272 | D:7      | Reached skill level 3 in Air Magic
  6272 | D:7      | Reached skill level 3 in Earth Magic
  6272 | D:7      | Reached skill level 3 in Poison Magic
  6272 | D:7      | Reached skill level 4 in Invocations
  6299 | D:7      | Reached XP level 9. HP: 65/72 MP: 14/14
  6347 | D:7      | Noticed Harold
  6399 | D:7      | Found a sand-covered staircase.
  6406 | Ossuary  | Entered an ossuary
  6509 | Ossuary  | Reached skill level 4 in Short Blades
  6509 | Ossuary  | Reached skill level 4 in Long Blades
  6509 | Ossuary  | Reached skill level 4 in Maces & Flails
  6509 | Ossuary  | Reached skill level 4 in Polearms
  6509 | Ossuary  | Reached skill level 4 in Staves
  6509 | Ossuary  | Reached skill level 4 in Slings
  6509 | Ossuary  | Reached skill level 4 in Bows
  6509 | Ossuary  | Reached skill level 4 in Crossbows
  6509 | Ossuary  | Reached skill level 4 in Throwing
  6509 | Ossuary  | Reached skill level 4 in Armour
  6509 | Ossuary  | Reached skill level 4 in Shields
  6509 | Ossuary  | Reached skill level 4 in Unarmed Combat
  6509 | Ossuary  | Reached skill level 4 in Spellcasting
  6509 | Ossuary  | Reached skill level 4 in Evocations
  6535 | Ossuary  | Reached *** piety under Wu Jian
  6687 | Ossuary  | Reached skill level 6 in Stealth
  6988 | D:7      | Found a shadowy altar of Dithmenos.
  6990 | D:7      | Found a glowing golden altar of the Shining One.
  7009 | D:7      | Killed Harold
  7009 | D:7      | Reached skill level 8 in Fighting
  7009 | D:7      | Reached skill level 8 in Axes
  7009 | D:7      | Reached skill level 8 in Dodging
  7009 | D:7      | Reached skill level 5 in Invocations
  7013 | D:7      | Reached XP level 10. HP: 57/80 MP: 15/17
  7106 | D:7      | Reached skill level 4 in Conjurations
  7106 | D:7      | Reached skill level 4 in Hexes
  7106 | D:7      | Reached skill level 4 in Charms
  7106 | D:7      | Reached skill level 4 in Summonings
  7106 | D:7      | Reached skill level 4 in Necromancy
  7106 | D:7      | Reached skill level 4 in Translocations
  7106 | D:7      | Reached skill level 4 in Transmutations
  7106 | D:7      | Reached skill level 4 in Fire Magic
  7106 | D:7      | Reached skill level 4 in Ice Magic
  7106 | D:7      | Reached skill level 4 in Air Magic
  7106 | D:7      | Reached skill level 4 in Earth Magic
  7106 | D:7      | Reached skill level 4 in Poison Magic
  7153 | D:7      | Found a shattered altar of Ashenzari.
  7154 | D:7      | Noticed Joseph
  7173 | D:7      | Killed Joseph
  7195 | D:7      | Reached skill level 5 in Short Blades
  7195 | D:7      | Reached skill level 5 in Long Blades
  7195 | D:7      | Reached skill level 5 in Maces & Flails
  7195 | D:7      | Reached skill level 5 in Polearms
  7195 | D:7      | Reached skill level 5 in Staves
  7195 | D:7      | Reached skill level 5 in Slings
  7195 | D:7      | Reached skill level 5 in Bows
  7195 | D:7      | Reached skill level 5 in Crossbows
  7195 | D:7      | Reached skill level 5 in Throwing
  7195 | D:7      | Reached skill level 5 in Armour
  7195 | D:7      | Reached skill level 5 in Shields
  7195 | D:7      | Reached skill level 5 in Unarmed Combat
  7195 | D:7      | Reached skill level 5 in Spellcasting
  7195 | D:7      | Reached skill level 5 in Evocations
  7250 | D:7      | Found a snail-covered altar of Cheibriados.
  7707 | D:7      | Reached **** piety under Wu Jian
  8353 | D:8      | Reached skill level 6 in Invocations
  8448 | D:8      | Got a crystal flail
  8681 | D:8      | Found a corrupted altar of Lugonu.
  8684 | D:8      | Found the amulet of the Four Winds {rN+ MR+++ Clar}
  8686 | D:8      | Noticed a white ugly thing
  8770 | D:8      | Reached skill level 7 in Stealth
  8800 | D:8      | Found a transporter.
  8800 | D:8      | Noticed a cyan ugly thing
  8802 | D:8      | Found a transporter.
  8858 | D:8      | Killed a white ugly thing
  8861 | D:8      | Killed a cyan ugly thing
  8861 | D:8      | Reached XP level 11. HP: 70/87 MP: 19/19
  9025 | D:8      | Found a sacrificial altar of Ru.
  9167 | D:9      | Found a staircase to the Lair.
  9239 | D:9      | Noticed a two-headed ogre
  9250 | D:9      | Reached ***** piety under Wu Jian
  9255 | D:9      | Killed a two-headed ogre
  9255 | D:9      | Reached skill level 9 in Fighting
  9255 | D:9      | Reached skill level 9 in Axes
  9255 | D:9      | Reached skill level 9 in Dodging
  9476 | D:9      | Reached skill level 6 in Short Blades
  9476 | D:9      | Reached skill level 6 in Long Blades
  9476 | D:9      | Reached skill level 6 in Maces & Flails
  9476 | D:9      | Reached skill level 6 in Polearms
  9476 | D:9      | Reached skill level 6 in Staves
  9476 | D:9      | Reached skill level 6 in Slings
  9476 | D:9      | Reached skill level 6 in Bows
  9476 | D:9      | Reached skill level 6 in Crossbows
  9476 | D:9      | Reached skill level 6 in Throwing
  9476 | D:9      | Reached skill level 6 in Armour
  9476 | D:9      | Reached skill level 6 in Shields
  9476 | D:9      | Reached skill level 6 in Unarmed Combat
  9476 | D:9      | Reached skill level 6 in Spellcasting
  9476 | D:9      | Reached skill level 6 in Evocations
  9770 | D:9      | Reached skill level 5 in Conjurations
  9770 | D:9      | Reached skill level 5 in Hexes
  9770 | D:9      | Reached skill level 5 in Charms
  9770 | D:9      | Reached skill level 5 in Summonings
  9770 | D:9      | Reached skill level 5 in Necromancy
  9770 | D:9      | Reached skill level 5 in Translocations
  9770 | D:9      | Reached skill level 5 in Transmutations
  9770 | D:9      | Reached skill level 5 in Fire Magic
  9770 | D:9      | Reached skill level 5 in Ice Magic
  9770 | D:9      | Reached skill level 5 in Air Magic
  9770 | D:9      | Reached skill level 5 in Earth Magic
  9770 | D:9      | Reached skill level 5 in Poison Magic
 10053 | D:9      | Found a hazy altar of Hepliaklqana.
 10091 | D:10     | Entered Level 10 of the Dungeon
 10096 | D:10     | Noticed an unseen horror
 10119 | D:10     | Killed an unseen horror
 10290 | D:10     | Found a flagged portal.
 10305 | Bailey   | Entered a bailey
 10583 | Bailey   | Reached skill level 7 in Invocations
 10923 | Bailey   | Noticed an orc knight
 11221 | Bailey   | Killed an orc knight
 11349 | Bailey   | Noticed an orc knight
 11361 | Bailey   | Killed an orc knight
 11440 | Bailey   | Noticed an orc knight
 11476 | Bailey   | Killed an orc knight
 11539 | D:10     | Noticed Urug
 11557 | D:10     | Killed Urug
 11557 | D:10     | Reached skill level 8 in Stealth
 11557 | D:10     | Reached XP level 12. HP: 96/96 MP: 20/22
 11595 | D:10     | You fall into a shaft and drop 2 floors!
 11595 | D:12     | Found a radiant altar of Vehumet.
 11595 | D:12     | Found an iron altar of Okawaru.
 11595 | D:12     | Noticed an ettin
 11596 | D:12     | Noticed a tengu reaver
 11766 | D:12     | Killed an ettin
 11773 | D:12     | Killed a tengu reaver
 11773 | D:12     | Reached skill level 7 in Short Blades
 11773 | D:12     | Reached skill level 7 in Long Blades
 11773 | D:12     | Reached skill level 7 in Maces & Flails
 11773 | D:12     | Reached skill level 7 in Polearms
 11773 | D:12     | Reached skill level 7 in Staves
 11773 | D:12     | Reached skill level 7 in Slings
 11773 | D:12     | Reached skill level 7 in Bows
 11773 | D:12     | Reached skill level 7 in Crossbows
 11773 | D:12     | Reached skill level 7 in Throwing
 11773 | D:12     | Reached skill level 7 in Armour
 11773 | D:12     | Reached skill level 7 in Shields
 11773 | D:12     | Reached skill level 7 in Unarmed Combat
 11773 | D:12     | Reached skill level 7 in Spellcasting
 11773 | D:12     | Reached skill level 7 in Evocations
 12426 | D:11     | Found Mizymaj's Antique Weapon Shop.
 12499 | D:10     | Paralysed by a hornet for 2 turns
 12502 | D:10     | Reached skill level 6 in Conjurations
 12502 | D:10     | Reached skill level 6 in Hexes
 12502 | D:10     | Reached skill level 6 in Charms
 12502 | D:10     | Reached skill level 6 in Summonings
 12502 | D:10     | Reached skill level 6 in Necromancy
 12502 | D:10     | Reached skill level 6 in Translocations
 12502 | D:10     | Reached skill level 6 in Transmutations
 12502 | D:10     | Reached skill level 6 in Fire Magic
 12502 | D:10     | Reached skill level 6 in Ice Magic
 12502 | D:10     | Reached skill level 6 in Air Magic
 12502 | D:10     | Reached skill level 6 in Earth Magic
 12502 | D:10     | Reached skill level 6 in Poison Magic
 12797 | D:10     | Found a staircase to the Orcish Mines.
 12942 | D:10     | Noticed Sonja
 12945 | D:10     | Killed Sonja
 12945 | D:10     | Reached skill level 8 in Invocations
 12957 | D:10     | Noticed Erolcha
 13131 | D:10     | Killed Erolcha
 13438 | D:11     | Reached skill level 10 in Fighting
 13438 | D:11     | Reached skill level 10 in Axes
 13438 | D:11     | Reached skill level 10 in Dodging
 13746 | D:11     | Noticed a five-headed hydra
 13758 | D:11     | Killed a one-headed hydra
 14725 | Orc:1    | Entered Level 1 of the Orcish Mines
 14749 | Orc:1    | Noticed a two-headed ogre
 14759 | Orc:1    | Killed a two-headed ogre
 14759 | Orc:1    | Reached XP level 13. HP: 67/103 MP: 24/24
 14838 | Orc:1    | Noticed an ogre mage
 14852 | Orc:1    | Killed an ogre mage
 14861 | Orc:1    | Reached skill level 9 in Stealth
 15183 | Orc:1    | Found Zanaizeu's Gadget Boutique.
 15216 | Orc:1    | Reached skill level 8 in Short Blades
 15216 | Orc:1    | Reached skill level 8 in Long Blades
 15216 | Orc:1    | Reached skill level 8 in Maces & Flails
 15216 | Orc:1    | Reached skill level 8 in Polearms
 15216 | Orc:1    | Reached skill level 8 in Staves
 15216 | Orc:1    | Reached skill level 8 in Slings
 15216 | Orc:1    | Reached skill level 8 in Bows
 15216 | Orc:1    | Reached skill level 8 in Crossbows
 15216 | Orc:1    | Reached skill level 8 in Throwing
 15216 | Orc:1    | Reached skill level 8 in Armour
 15216 | Orc:1    | Reached skill level 8 in Shields
 15216 | Orc:1    | Reached skill level 8 in Unarmed Combat
 15216 | Orc:1    | Reached skill level 8 in Spellcasting
 15216 | Orc:1    | Reached skill level 8 in Evocations
 15232 | Orc:1    | You fall into a shaft and drop 1 floor!
 15232 | Orc:2    | Entered Level 2 of the Orcish Mines
 15338 | Orc:2    | Reached ****** piety under Wu Jian
 15672 | Orc:2    | Noticed an orc warlord
 16202 | Orc:2    | Killed an orc warlord
 16202 | Orc:2    | Reached skill level 9 in Invocations
 16206 | Orc:2    | Slain by a troll

Levels and vault maps discovered:
D:1:      evilmike_arrival_run_for_it, layout_basic, minmay_misc_feat_enclosed
D:2:      layout_rooms, first_ration, uniq_terence
D:3:      layout_basic, overflow_temple_1_default, makhleb_heckhound_becter
D:4:      layout_cave_pools, eat_drink_and_be_merry_uskayaw,
          grunt_temple_overflow_open, kennysheep_cross_room
D:5:      layout_loops_corners, old_standard_altar, xom_confusion_cloud,
          minmay_temple_entry_grid, uniq_edmund
D:6:      layout_basic, gammafunk_ghost_cemetery, uniq_blork_the_orc,
          uniq_eustachio
D:7:      layout_layer_cave, nicolae_overflow_crystal_walls,
          chequers_temple_overflow_statue_of_worship, gup_ossuary_entry_pyramid,
          nrook_mini_backslash, ashenzari_altar_1, uniq_harold, uniq_joseph
D:8:      gammafunk_corrupted_shrine, layout_basic, nicolae_ru_path_of_blood,
          hangedman_little_slice_of_home
D:9:      layout_long_grid, marbit_many_paths, dpeg_oklobed_lair, nrook_uturn
D:10:     layout_small_grid, orc_0_dummy, enter_bailey_2, uniq_erolcha,
          uniq_sonja, uniq_urug
D:11:     layout_grid_maze, serial_shops, shop
D:12:     layout_basic, basic_altar, serial_shops, shop, serial_bayou_pond_d,
          jmf_multi_god_temple
Temple:   dpeg_chambers_temple
Orc:1:    layout_diamond_mine, serial_shops, shop
Orc:2:    st_orc_open, layout_caves, basic_altar, nicolae_orc_bridge_out

Skill      XL: |  1  2  3  4  5  6  7  8  9 10 11 12 13 |
---------------+----------------------------------------+-----
Invocations    | 1 2 3 4 5 6 7 8 9 |  9.0
Short Blades   | 1 2 3 4 5 6 7 8 |  8.2
Long Blades    | 1 2 3 4 5 6 7 8 |  8.2
Maces & Flails | 1 2 3 4 5 6 7 8 |  8.2
Polearms       | 1 2 3 4 5 6 7 8 |  8.2
Staves         | 1 2 3 4 5 6 7 8 |  8.2
Slings         | 1 2 3 4 5 6 7 8 |  8.2
Bows           | 1 2 3 4 5 6 7 8 |  8.2
Crossbows      | 1 2 3 4 5 6 7 8 |  8.2
Throwing       | 1 2 3 4 5 6 7 8 |  8.2
Armour         | 1 2 3 4 5 6 7 8 |  8.2
Shields        | 1 2 3 4 5 6 7 8 |  8.2
Unarmed Combat | 1 2 3 4 5 6 7 8 |  8.2
Spellcasting   | 1 2 3 4 5 6 7 8 |  8.2
Evocations     | 1 2 3 4 5 6 7 8 |  8.2
Conjurations   | 1 2 3 4 5 6 |  6.8
Hexes          | 1 2 3 4 5 6 |  6.8
Charms         | 1 2 3 4 5 6 |  6.8
Summonings     | 1 2 3 4 5 6 |  6.8
Necromancy     | 1 2 3 4 5 6 |  6.8
Translocations | 1 2 3 4 5 6 |  6.8
Transmutations | 1 2 3 4 5 6 |  6.8
Fire Magic     | 1 2 3 4 5 6 |  6.8
Ice Magic      | 1 2 3 4 5 6 |  6.8
Air Magic      | 1 2 3 4 5 6 |  6.8
Earth Magic    | 1 2 3 4 5 6 |  6.8
Poison Magic   | 1 2 3 4 5 6 |  6.8
Fighting       | 7 8 9 10 | 10.4
Axes           | 7 8 9 10 | 10.4
Dodging        | 7 8 9 10 | 10.4
Stealth        | 5 6 7 8 9 |  9.3

Action                   |  1- 3 |  4- 6 |  7- 9 | 10-12 | 13-15 || total
-------------------------+-------+-------+-------+-------+-------++-------
Melee: Hand axe          |   131 |   170 |   101 |    24 |       ||   426
       Bite              |    22 |    25 |    49 |    90 |    16 ||   202
       Flail             |       |       |   211 |   241 |       ||   452
       Broad axe         |       |       |       |   440 |   104 ||   544
Throw: Boomerang         |       |       |       |    11 |       ||    11
Invok: Lunge             |       |       |    15 |    53 |     1 ||    69
       Whirlwind         |       |       |     1 |    21 |     4 ||    26
       Serpent's Lash    |       |       |       |     1 |       ||     1
       Heavenly Storm    |       |       |       |     1 |       ||     1
 Abil: Evoke Berserk Rag |       |       |     1 |     7 |     2 ||    10
       Wall Jump         |       |       |     1 |     2 |     1 ||     4
Evoke: Wand              |       |       |     2 |    22 |       ||    24
  Use: Scroll            |       |     6 |    10 |    12 |     3 ||    31
       Potion            |       |       |       |     2 |     1 ||     3
 Stab: Sleeping          |     5 |     3 |     9 |       |       ||    17
       Paralysed         |       |       |    18 |     8 |       ||    26
       Confused          |       |       |     1 |       |       ||     1
       Invisible         |       |       |       |     6 |       ||     6
  Eat: Chunk             |     1 |     7 |    10 |    29 |     5 ||    52
       Ration            |       |       |     1 |     1 |     1 ||     3
Armor: Robe              |     7 |       |       |       |       ||     7
       Ring mail         |    11 |    38 |    69 |     5 |       ||   123
       Plate armour      |       |       |       |   327 |    32 ||   359
       Chain mail        |       |       |       |     5 |       ||     5
Dodge: Dodged            |   105 |    84 |   193 |   377 |    56 ||   815
Block: Buckler           |    15 |    25 |    73 |   256 |    31 ||   400

Table legend:
 A = Non-vault XP
 B = Vault XP
 C = Vault XP percentage of total XP
 D = Non-vault monster count
 E = Vault monster count
 F = Vault count percentage of total count
                 A         B        C        D         E       F
            +---------+---------+-------+---------+---------+-------
      Total |   24822 |   18562 |  42.8 |     310 |     116 |  27.2
            +---------+---------+-------+---------+---------+-------
        D:1 |      30 |       5 |  14.3 |      15 |       1 |   6.2
        D:2 |      58 |      36 |  38.3 |      14 |       1 |   6.7
        D:3 |      38 |      40 |  51.3 |      15 |       1 |   6.2
        D:4 |     349 |       0 |   0.0 |      12 |       0 |   0.0
        D:5 |     368 |     251 |  40.5 |      15 |       4 |  21.1
        D:6 |     725 |     292 |  28.7 |      15 |       2 |  11.8
        D:7 |    1995 |    1422 |  41.6 |      38 |       3 |   7.3
        D:8 |    1356 |    1789 |  56.9 |      29 |      15 |  34.1
        D:9 |    1997 |      45 |   2.2 |      33 |       1 |   2.9
       D:10 |    4977 |    2695 |  35.1 |      54 |       3 |   5.3
       D:11 |    3285 |       0 |   0.0 |      27 |       0 |   0.0
       D:12 |    1402 |    4131 |  74.7 |       9 |       4 |  30.8
      Orc:1 |    6314 |    1422 |  18.4 |      25 |       2 |   7.4
      Orc:2 |    1928 |    2247 |  53.8 |       9 |       7 |  43.8
    Ossuary |       0 |     993 | 100.0 |       0 |      32 | 100.0
     Bailey |       0 |    3194 | 100.0 |       0 |      40 | 100.0
            +---------+---------+-------+---------+---------+-------
